 Dungeon Crawl Stone Soup version 0.31.0-9-g3a7656b989 (webtiles) character file.

Game seed: 2311599943125932929

12145 qw the Markself (level 11, -3/65 (67) HPs)
             Began as a Deep Elf Hunter on Feb 3, 2024.
             Was an Elder of Okawaru.
             Slain by a spectral seven-headed hydra (8 damage)
             ... called from beyond by a ghost crab
             ... on level 2 of the Lair of Beasts.
             The game lasted 00:05:26 (9491 turns).

qw the Markself (Deep Elf Hunter)                   Turns: 9491, Time: 00:05:26

HP:   -3/65 (67)    AC: 17    Str: 12    XL:     11   Next: 58%
MP:   17/20         EV: 20    Int: 15    God:    Okawaru [****..]
Gold: 237           SH:  0    Dex: 18    Spells: 10/10 levels left

rFire   . . .        j - +0 orcbow (heavy)
rCold   . . .        (shield currently unavailable)
rNeg    + . .        p - +2 scale mail {rN+}
rPois   .            k - +2 hat
rElec   .            h - +1 cloak
rCorr   +            c - +2 pair of gloves
SInv    .            (no boots)
Will    +....        o - amulet of regeneration
Stlth   ++           g - +5 ring of evasion
HPRegen 1.10/turn    l - ring of resist corrosion
MPRegen 0.17/turn

%: no passive effects
@: heroic, finesse-ful, lightly drained
A: no striking features
a: Renounce Religion, Heroism, Finesse


You were on level 2 of the Lair of Beasts.
You worshipped Okawaru.
Okawaru was greatly pleased with you.
You visited 3 branches of the dungeon, and saw 11 of its levels.

You collected 680 gold pieces.
You spent 443 gold pieces at shops.


   Skills:
 - Level 7.0(12.0) Fighting
 - Level 16.2(21.2) Ranged Weapons
 + Level 3.0(8.0) Armour
 - Level 8.1(13.1) Dodging
 - Level 1.2(6.2) Stealth
 + Level 9.8 Invocations


You had 10 spell levels left.
You didn't know any spells.
Your spell library was empty.

Inventory:

Hand Weapons
 j - a +0 heavy orcbow (weapon)
Armour
 c - a +2 pair of gloves (worn)
 h - a +1 cloak (worn)
 k - a +2 hat (worn)
 p - a +2 scale mail of positive energy (worn)
Jewellery
 g - a +5 ring of evasion (left hand)
 l - a ring of resist corrosion (right hand)
 o - an amulet of regeneration (around neck)
 s - a ring of ice
Wands
 i - a wand of acid (10)
 n - a wand of mindburst (3)
 r - a wand of roots (7)
Scrolls
 f - a scroll of fear {unknown}
Potions
 a - 3 potions of mutation
 b - 5 potions of curing
 d - 3 potions of heal wounds
 e - 2 potions of might
 t - a potion of magic

Dungeon Overview and Level Annotations

Branches:
Dungeon (8/15)             Temple (1/1) D:5            Lair (2/5) D:8
  Swamp (0/4) Lair:2        Snake (0/4) Lair:2

Altars:
Ashenzari
Cheibriados
Dithmenos
Elyvilon
Fedhas
Gozag
Hepliaklqana
Kikubaaqudgha
Makhleb
Nemelex Xobeh
Okawaru
Qazlal
Ru
Sif Muna
Trog
Uskayaw
Vehumet
Xom
Zin
The Shining One

Shops:
D:3 !   D:5 *[(   D:8 *

Annotations:
D:3 1 runed translucent door, Crazy Yiuf
D:7 3 runed translucent doors, qw's ghost, novice SpHu


Message History

The arrow hits the spectral cane toad but does no damage.
The spectral cane toad is almost destroyed.
You are engulfed in spectral mist.
The ghost crab breathes spectral mist at you.
The spectral mist engulfs the spectral five-headed hydra.
You shoot an arrow.
The arrow hits the spectral cane toad!!!
You destroy the spectral cane toad!
The spectral cane toad fades away!
You are engulfed in spectral mist.
The ghost crab breathes spectral mist at you.
The spectral mist engulfs you.
You shoot an arrow.
The arrow hits the spectral five-headed hydra!!
The spectral five-headed hydra is moderately damaged.
You are engulfed in spectral mist.
You shoot an arrow.
The arrow hits the spectral five-headed hydra!
The spectral five-headed hydra is heavily damaged.
You are engulfed in spectral mist.
The spectral black mamba fades away!
The spectral five-headed hydra bites you but does no damage. x3
The spectral five-headed hydra completely misses you.
The spectral five-headed hydra bites you but does no damage.
The ghost crab breathes spectral mist at you.
The spectral mist engulfs you.
You shoot an arrow.
The arrow hits the spectral five-headed hydra!
The spectral five-headed hydra is heavily damaged.
You are engulfed in spectral mist.
The spectral six-headed hydra barely misses you.
The spectral six-headed hydra bites you.
The spectral six-headed hydra bites you but does no damage. x4
The spectral seven-headed hydra misses you.
The spectral seven-headed hydra bites you.
You partially resist.
You feel drained.
The spectral seven-headed hydra completely misses you.
The spectral seven-headed hydra closely misses you.
The spectral seven-headed hydra bites you.
The spectral seven-headed hydra bites you!
You die...

# ####%...#...P.#.#
..#.#................
..............####
.............##
........%...777777777
.#..#......7777t.%0.7
##..#.....000¤.770.¤.7
...#....00000007 ¤.¤¤¤
#......).0@Z¤0.77


¤¤¤¤ ......#........ZZ00000.. .77 ......#.......0..777..... 7 .....# ...#......7
7777.7 .....# ..##.....7 77 .....###.P##...... ......#..###......
........0......... .........##.).< You could see a ghost crab, a spectral
seven-headed hydra (summoned), a spectral six-headed hydra (summoned) and a
spectral five-headed hydra (summoned).

Vanquished Creatures
  Fannar (Lair:1)
  A catoblepas (Lair:2)
  A ghost crab (Lair:2)
  A boulder beetle (Lair:1)
  Pikel (D:6)
  2 black mambas (Lair:2)
  Jeremiah (D:8)
  A cane toad (Lair:1)
  Psyche (D:8)
  2 komodo dragons
  Prince Ribbit (D:6)
  3 blink frogs (Lair:2)
  5 yaks (D:8)
  4 wyverns
  2 basilisks
  A steam dragon (D:8)
  Menkaure (D:5)
  A naga (Lair:2)
  2 spectral cane toads (Lair:2)
  3 water moccasins
  3 sky beasts (D:7)
  An ice beast (D:5)
  A black bear (Lair:2)
  A spectral rime drake (Lair:2)
  3 centaurs
  5 wolves (Lair:1)
  3 ogres
  3 phantoms
  11 bullfrogs
  Blork the orc (D:6)
  2 kobold brigands
  A spectral water moccasin (Lair:2)
  17 wights
  2 scorpions
  A hound (D:6)
  2 orc priests
  2 jellies
  A gnoll bouda (D:7)
  5 iguanas
  Terence (D:3)
  3 orc wizards
  8 gnolls
  4 adders
  3 white imps
  3 dart slugs
  17 orcs
  4 ball pythons
  9 bats
  3 endoplasms
  4 giant cockroaches
  7 goblins
  9 hobgoblins
  2 jackals (D:5)
  5 quokkas
  2 training dummies (D:5)
  2 frilled lizards (D:3)
  15 kobolds
  2 rats
203 creatures vanquished.

Notes
Turn   | Place    | Note
-------+----------+-------------------------------------------
     0 | D:1      | qw the Deep Elf Hunter began the quest for the Orb.
     0 | D:1      | Reached XP level 1. HP: 12/12 MP: 3/3
     0 | D:1      | 0 ||| qw: Version: 0.3-a-155-g5e7d8dd
     0 | D:1      | 0 ||| qw: Game counter: 3051
     0 | D:1      | 0 ||| qw: Melee chars always use a shield: true
     0 | D:1      | 0 ||| qw: God list: Okawaru
     0 | D:1      | 0 ||| qw: Allow faded altars: false
     0 | D:1      | 0 ||| qw: Do Orc after clearing Dungeon:15 true
     0 | D:1      | 0 ||| qw: Do second Lair branch before Depths: true
     0 | D:1      | 0 ||| qw: Lair rune preference: random
     0 | D:1      | 0 ||| qw: Goals: Normal
     0 | D:1      | 0 ||| PLANNING D:1-11
   229 | D:1      | Reached skill level 6 in Ranged Weapons
   229 | D:1      | Reached XP level 2. HP: 10/16 MP: 4/4
   601 | D:1      | 601 ||| UPGRADING to +0 cloak.
   606 | D:1      | 606 ||| READING scroll labelled ROSIMM PEME.
   606 | D:1      | 606 ||| ENCHANTING +0 shortbow.
   607 | D:1      | 607 ||| READING scroll labelled AZOKAM OZIAC.
   608 | D:1      | 608 ||| DROPPING scroll of butterflies.
   985 | D:2      | Reached XP level 3. HP: 20/20 MP: 5/5
  1302 | D:2      | Found a faded altar of an unknown god.
  1432 | D:2      | 1432 ||| READING scroll labelled QOGOAWNENATT.
  1432 | D:2      | 1432 ||| IDENTIFYING cyan potion
  1433 | D:2      | 1433 ||| READING scroll labelled IPTUIM VUUPUOQANK.
  1434 | D:2      | 1434 ||| READING scroll labelled PANION KIZIT.
  1535 | D:2      | 1535 ||| DRINKING 2 fuming sapphire potions.
  1536 | D:2      | 1536 ||| DROPPING potion of invisibility.
  1544 | D:3      | 1544 ||| PLANNING SEWER
  1569 | D:3      | Found Mocloune's Distillery.
  1572 | D:3      | 1572 ||| BUYING potion of curing (39 gold).
  1572 | D:3      | Bought a potion of curing for 39 gold pieces
  1572 | D:3      | 1572 ||| BUYING potion of might (52 gold).
  1572 | D:3      | Bought a potion of might for 52 gold pieces
  1572 | D:3      | 1572 ||| SHOPLISTING potion of might (52 gold, have 20).
  1614 | D:3      | Reached skill level 7 in Ranged Weapons
  1733 | D:3      | Found a runed translucent door.
  1734 | D:3      | Noticed Crazy Yiuf
  1784 | D:3      | Noticed Terence
  1795 | D:3      | Killed Terence
  1796 | D:3      | Reached XP level 4. HP: 17/25 MP: 6/6
  2031 | D:3      | 2031 ||| FLEEEEING.
  2033 | D:3      | 2033 ||| FLEEEEING.
  2034 | D:3      | 2034 ||| FLEEEEING.
  2035 | D:3      | 2035 ||| FLEEEEING.
  2036 | D:3      | 2036 ||| FLEEEEING.
  2037 | D:3      | 2037 ||| FLEEEEING.
  2038 | D:3      | 2038 ||| FLEEEEING.
  2161 | D:3      | 2161 ||| FLEEEEING.
  2165 | D:3      | 2165 ||| FLEEEEING.
  2174 | D:3      | 2174 ||| FLEEEEING.
  2175 | D:3      | 2175 ||| FLEEEEING.
  2176 | D:3      | 2176 ||| FLEEEEING.
  2213 | D:3      | Found a glowing drain.
  2214 | D:3      | 2214 ||| READING 2 scrolls of identify.
  2214 | D:3      | 2214 ||| IDENTIFYING bubbling grey potion
  2215 | D:3      | 2215 ||| READING scroll of identify.
  2215 | D:3      | 2215 ||| IDENTIFYING murky coppery potion
  2216 | D:3      | 2216 ||| READING scroll labelled REBIDU ZUKOSO.
  2233 | D:3      | Reached skill level 8 in Ranged Weapons
  2296 | D:3      | 2296 ||| RIP SEWER
  2296 | D:3      | 2296 ||| PLANNING D:1-11
  2342 | D:3      | Noticed a kobold brigand
  2343 | D:3      | 2343 ||| DRINKING potion of haste.
  2347 | D:3      | 2347 ||| FLEEEEING.
  2348 | D:3      | 2348 ||| FLEEEEING.
  2349 | D:3      | 2349 ||| FLEEEEING.
  2350 | D:3      | 2350 ||| FLEEEEING.
  2351 | D:3      | 2351 ||| FLEEEEING.
  2353 | D:3      | 2353 ||| FLEEEEING.
  2354 | D:3      | 2354 ||| FLEEEEING.
  2356 | D:3      | 2356 ||| FLEEEEING.
  2357 | D:3      | 2357 ||| FLEEEEING.
  2359 | D:3      | 2359 ||| FLEEEEING.
  2360 | D:3      | 2360 ||| FLEEEEING.
  2362 | D:3      | 2362 ||| FLEEEEING.
  2363 | D:3      | 2363 ||| FLEEEEING.
  2365 | D:3      | 2365 ||| FLEEEEING.
  2366 | D:3      | 2366 ||| FLEEEEING.
  2368 | D:3      | 2368 ||| FLEEEEING.
  2369 | D:3      | 2369 ||| FLEEEEING.
  2371 | D:3      | 2371 ||| FLEEEEING.
  2372 | D:3      | 2372 ||| FLEEEEING.
  2374 | D:3      | 2374 ||| FLEEEEING.
  2377 | D:3      | 2377 ||| FLEEEEING.
  2378 | D:3      | 2378 ||| STAIRDANCE
  2405 | D:3      | 2405 ||| STAIRDANCE
  2411 | D:2      | HP: 6/25 [poisoned by a kobold brigand]
  2510 | D:3      | 2510 ||| STAIRDANCE
  2572 | D:3      | Killed a kobold brigand
  2573 | D:3      | Reached XP level 5. HP: 24/29 MP: 7/7
  2943 | D:3      | 2943 ||| DRINKING 5 potions of curing.
  2943 | D:3      | 2943 ||| (to cure confusion)
  2946 | D:3      | 2946 ||| DRINKING 4 potions of curing.
  2946 | D:3      | 2946 ||| (to cure confusion)
  2948 | D:3      | Reached skill level 9 in Ranged Weapons
  3059 | D:3      | 3059 ||| UPGRADING to +0 ring mail.
  3069 | D:3      | 3069 ||| DROPPING +0 leather armour.
  3070 | D:3      | 3070 ||| UPGRADING to +5 ring of evasion.
  3071 | D:3      | 3071 ||| READING scroll labelled BOILITEULL.
  3071 | D:3      | 3071 ||| ENCHANTING +0 cloak.
  3281 | D:4      | Reached XP level 6. HP: 35/35 MP: 8/8
  3390 | D:4      | Reached skill level 10 in Ranged Weapons
  3448 | D:4      | Reached skill level 3 in Dodging
  3718 | D:4      | 3718 ||| UPGRADING to +0 pair of gloves.
  3723 | D:4      | 3723 ||| UPGRADING to ring of resist corrosion.
  3724 | D:4      | 3724 ||| READING scroll of identify.
  3724 | D:4      | 3724 ||| IDENTIFYING fuming pink potion
  3725 | D:4      | 3725 ||| DROPPING potion of berserk rage.
  3744 | D:5      | Entered Level 5 of the Dungeon
  3745 | D:5      | Noticed an ice beast
  3765 | D:5      | Killed an ice beast
  3766 | D:5      | Reached skill level 1 in Armour
  3766 | D:5      | Reached XP level 7. HP: 12/40 MP: 9/9
  4042 | D:5      | Found a white marble altar of Elyvilon.
  4061 | D:5      | 4061 ||| DRINKING 3 potions of curing.
  4061 | D:5      | 4061 ||| (to cure confusion)
  4064 | D:5      | HP: 10/40 [orc/+0 club (3)]
  4065 | D:5      | 4065 ||| DRINKING 2 potions of heal wounds.
  4082 | D:5      | HP: 10/40 [something (4)]
  4286 | D:5      | Found Xeacem's Weapon Emporium.
  4293 | D:5      | Reached skill level 11 in Ranged Weapons
  4407 | D:5      | Found a staircase to the Ecumenical Temple.
  4408 | D:5      | 4408 ||| PLANNING TEMPLE
  4408 | D:5      | 4408 ||| UPGRADING to +0 leather armour of poison
                  | resistance.
  4418 | D:5      | 4418 ||| UPGRADING to +2 hat.
  4423 | D:5      | 4423 ||| READING scroll of identify.
  4423 | D:5      | 4423 ||| IDENTIFYING 2 scrolls labelled JOL ONTOUPNI
  4428 | Temple   | Found a transporter.
  4428 | Temple   | Found a transporter.
  4428 | Temple   | Found a transporter.
  4428 | Temple   | Found a transporter.
  4428 | Temple   | Entered the Ecumenical Temple
  4429 | Temple   | 4429 ||| PLANNING D:1-11
  4449 | Temple   | 4449 ||| PLANNING OKAWARU WORSHIP
  4451 | Temple   | Became a worshipper of Warmaster Okawaru
  4452 | Temple   | 4452 ||| PLANNING D:1-11
  4625 | D:5      | Found Veilugeecw's Overcharged Wands.
  4633 | D:5      | 4633 ||| SHOPLISTING wand of digging (11) (693 gold, have
                  | 230).
  4633 | D:5      | 4633 ||| SHOPLISTING wand of flame (40) (420 gold, have
                  | 230).
  4633 | D:5      | 4633 ||| SHOPLISTING wand of mindburst (30) (630 gold, have
                  | 230).
  4644 | D:5      | Found Ycaj's Antique Armour Shop.
  4652 | D:5      | 4652 ||| BUYING glowing scale mail (154 gold).
  4652 | D:5      | Bought a glowing scale mail for 154 gold pieces
  4652 | D:5      | 4652 ||| SHOPLISTING runed cloak (165 gold, have 86).
  4652 | D:5      | 4652 ||| SHOPLISTING runed scale mail (154 gold, have 86).
  4652 | D:5      | 4652 ||| SHOPLISTING shiny scale mail (154 gold, have 86).
  4667 | D:5      | Found an ancient bone altar of Kikubaaqudgha.
  4676 | D:5      | Found a stormy altar of Qazlal.
  5054 | D:5      | Noticed Menkaure
  5062 | D:5      | Killed Menkaure
  5063 | D:5      | Reached skill level 12 in Ranged Weapons
  5063 | D:5      | Reached XP level 8. HP: 24/44 MP: 10/10
  5295 | D:5      | 5295 ||| DROPPING +0 ring mail.
  5296 | D:5      | 5296 ||| UPGRADING to +2 scale mail of positive energy.
  5306 | D:5      | 5306 ||| DROPPING +0 leather armour of poison resistance.
  5307 | D:5      | 5307 ||| UPGRADING to amulet of regeneration.
  5394 | D:6      | 5394 ||| RETREEEEATING.
  5414 | D:6      | Reached skill level 3 in Fighting
  5445 | D:6      | Noticed Prince Ribbit
  5450 | D:6      | 5450 ||| RETREEEEATING.
  5471 | D:6      | Killed Prince Ribbit
  5471 | D:6      | Reached * piety under Okawaru
  5472 | D:6      | Reached skill level 13 in Ranged Weapons
  5488 | D:6      | 5488 ||| READING 2 scrolls of enchant weapon.
  5488 | D:6      | 5488 ||| ENCHANTING +1 shortbow.
  5489 | D:6      | 5489 ||| READING scroll of enchant weapon.
  5489 | D:6      | 5489 ||| ENCHANTING +2 shortbow.
  5628 | D:6      | Reached skill level 1 in Invocations
  5649 | D:6      | Noticed Pikel
  5650 | D:6      | 5650 ||| RETREEEEATING.
  5654 | D:6      | 5654 ||| INVOKING Heroism.
  5665 | D:6      | Killed Pikel
  5666 | D:6      | Reached skill level 14 in Ranged Weapons
  5666 | D:6      | Reached XP level 9. HP: 45/50 MP: 9/11
  5718 | D:6      | Noticed Blork the orc
  5729 | D:6      | Killed Blork the orc
  5782 | D:6      | 5782 ||| RETREEEEATING.
  5783 | D:6      | 5783 ||| RETREEEEATING.
  5817 | D:6      | HP: 12/49 [wight/+3 halberd (6)]
  5818 | D:6      | 5818 ||| READING 3 scrolls of teleportation.
  5819 | D:6      | 5819 ||| DRINKING 2 potions of heal wounds.
  5903 | D:6      | Reached ** piety under Okawaru
  5910 | D:6      | Reached skill level 3 in Invocations
  5978 | D:6      | 5978 ||| UPGRADING to +2 pair of gloves.
  5988 | D:6      | 5988 ||| DROPPING +0 pair of gloves.
  5989 | D:6      | 5989 ||| DROPPING wand of flame (11).
  6209 | D:7      | Found a runed translucent gate.
  6209 | D:7      | Found an opulent altar of Gozag.
  6210 | D:7      | Found a runed translucent gate.
  6211 | D:7      | Found a runed translucent gate.
  6212 | D:7      | Noticed qw's ghost (novice SpHu)
  6212 | D:7      | Noticed a centaur warrior
  6424 | D:7      | 6424 ||| SWAPPING to +0 orcbow.
  6425 | D:7      | 6425 ||| DROPPING +3 shortbow.
  6595 | D:7      | Reached skill level 15 in Ranged Weapons
  6911 | D:7      | Reached *** piety under Okawaru
  7030 | D:7      | 7030 ||| READING 4 scrolls of identify.
  7030 | D:7      | 7030 ||| IDENTIFYING blue potion
  7031 | D:7      | 7031 ||| READING 3 scrolls of identify.
  7031 | D:7      | 7031 ||| IDENTIFYING scroll labelled MUHIRE EMNUATROARPH
  7032 | D:7      | 7032 ||| READING scroll of brand weapon.
  7032 | D:7      | 7032 ||| BRANDING +0 orcbow.
  7033 | D:7      | 7033 ||| READING 2 scrolls of identify.
  7033 | D:7      | 7033 ||| IDENTIFYING scroll labelled WUOSHRI EFRUT YHUA
  7034 | D:7      | 7034 ||| DROPPING potion of brilliance.
  7035 | D:7      | 7035 ||| DROPPING scroll of summoning.
  7163 | D:8      | 7163 ||| RETREEEEATING.
  7174 | D:8      | 7174 ||| INVOKING Heroism.
  7178 | D:8      | Reached skill level 16 in Ranged Weapons
  7178 | D:8      | Reached XP level 10. HP: 44/58 MP: 12/15
  7221 | D:8      | 7221 ||| Stepping ~*~*~tactically~*~*~ (cloud).
  7228 | D:8      | Reached **** piety under Okawaru
  7290 | D:8      | Noticed Jeremiah
  7320 | D:8      | Killed Jeremiah
  7321 | D:8      | Reached skill level 6 in Dodging
  7374 | D:8      | Found Igge's General Store.
  7383 | D:8      | 7383 ||| BUYING potion of heal wounds (70 gold).
  7383 | D:8      | Bought a potion of heal wounds for 70 gold pieces
  7383 | D:8      | 7383 ||| BUYING scroll of identify (28 gold).
  7383 | D:8      | Bought a scroll of identify for 28 gold pieces
  7383 | D:8      | 7383 ||| BUYING scroll of teleportation (42 gold).
  7383 | D:8      | Bought a scroll of teleportation for 42 gold pieces
  7383 | D:8      | 7383 ||| SHOPLISTING wand of acid (5) (294 gold, have 103).
  7383 | D:8      | 7383 ||| BUYING wand of mindburst (3) (58 gold).
  7383 | D:8      | Bought a wand of mindburst (3) for 58 gold pieces
  7455 | D:8      | Noticed Psyche
  7456 | D:8      | 7456 ||| FLEEEEING.
  7457 | D:8      | 7457 ||| FLEEEEING.
  7458 | D:8      | 7458 ||| FLEEEEING.
  7459 | D:8      | 7459 ||| FLEEEEING.
  7460 | D:8      | 7460 ||| FLEEEEING.
  7461 | D:8      | 7461 ||| DRINKING potion of cancellation.
  7465 | D:8      | 7465 ||| READING 3 scrolls of teleportation.
  7466 | D:8      | Killed Psyche
  7467 | D:8      | 7467 ||| FLEEEEING.
  7468 | D:8      | 7468 ||| FLEEEEING.
  7469 | D:8      | 7469 ||| FLEEEEING.
  7470 | D:8      | 7470 ||| FLEEEEING to unexplored (badform).
  7471 | D:8      | 7471 ||| FLEEEEING to unexplored (badform).
  7472 | D:8      | 7472 ||| FLEEEEING to unexplored (badform).
  7473 | D:8      | 7473 ||| FLEEEEING to unexplored (badform).
  7474 | D:8      | 7474 ||| FLEEEEING to unexplored (badform).
  7475 | D:8      | 7475 ||| FLEEEEING to unexplored (badform).
  7476 | D:8      | 7476 ||| FLEEEEING to unexplored (badform).
  7477 | D:8      | 7477 ||| FLEEEEING to unexplored (badform).
  7478 | D:8      | 7478 ||| FLEEEEING to unexplored (badform).
  7479 | D:8      | 7479 ||| FLEEEEING to unexplored (badform).
  7480 | D:8      | 7480 ||| FLEEEEING to unexplored (badform).
  7481 | D:8      | 7481 ||| FLEEEEING to unexplored (badform).
  7482 | D:8      | 7482 ||| FLEEEEING.
  7483 | D:8      | 7483 ||| FLEEEEING.
  7484 | D:8      | 7484 ||| FLEEEEING.
  7485 | D:8      | 7485 ||| FLEEEEING.
  7486 | D:8      | 7486 ||| FLEEEEING.
  7487 | D:8      | 7487 ||| FLEEEEING.
  7488 | D:8      | 7488 ||| FLEEEEING.
  7555 | D:8      | 7555 ||| READING scroll of brand weapon.
  7555 | D:8      | 7555 ||| BRANDING +0 orcbow of freezing.
  7604 | D:8      | 7604 ||| READING 2 scrolls of identify.
  7604 | D:8      | 7604 ||| IDENTIFYING 2 lumpy black potions
  7730 | D:8      | Found a staircase to the Lair.
  7737 | D:8      | 7737 ||| INVOKING Finesse.
  8123 | D:8      | 8123 ||| PLANNING LAIR
  8186 | Lair:1   | Entered Level 1 of the Lair of Beasts
  8260 | Lair:1   | 8260 ||| READING scroll of brand weapon.
  8260 | Lair:1   | 8260 ||| BRANDING +0 orcbow of chaos.
  8313 | Lair:1   | Reached skill level 3 in Armour
  8319 | Lair:1   | Noticed Fannar
  8320 | Lair:1   | 8320 ||| INVOKING Finesse.
  8321 | Lair:1   | 8321 ||| INVOKING Finesse.
  8334 | Lair:1   | Killed Fannar
  8335 | Lair:1   | Reached skill level 6 in Invocations
  8396 | Lair:1   | Noticed a boulder beetle
  8397 | Lair:1   | 8397 ||| INVOKING Finesse.
  8405 | Lair:1   | Killed a boulder beetle
  8712 | Lair:1   | Noticed a cane toad
  8713 | Lair:1   | 8713 ||| INVOKING Finesse.
  8716 | Lair:1   | Killed a cane toad
  8717 | Lair:1   | Reached XP level 11. HP: 64/64 MP: 12/18
  8803 | Lair:1   | 8803 ||| RETREEEEATING.
  8804 | Lair:1   | 8804 ||| RETREEEEATING.
  8805 | Lair:1   | 8805 ||| RETREEEEATING.
  8806 | Lair:1   | 8806 ||| RETREEEEATING.
  8807 | Lair:1   | 8807 ||| RETREEEEATING.
  8811 | Lair:1   | Reached skill level 6 in Fighting
  9003 | Lair:1   | 9003 ||| DROPPING +2 hat.
  9004 | Lair:1   | 9004 ||| READING 3 scrolls of identify.
  9004 | Lair:1   | 9004 ||| IDENTIFYING inky potion
  9005 | Lair:1   | 9005 ||| READING 2 scrolls of identify.
  9005 | Lair:1   | 9005 ||| IDENTIFYING scroll labelled NENGY BEVVIE
  9006 | Lair:1   | 9006 ||| READING scroll of identify.
  9006 | Lair:1   | 9006 ||| IDENTIFYING scroll labelled ZIKKYN UFEGRA
  9007 | Lair:1   | 9007 ||| DROPPING scroll of poison.
  9008 | Lair:1   | 9008 ||| DROPPING scroll of fog.
  9055 | Lair:2   | Reached ***** piety under Okawaru
  9146 | Lair:2   | Noticed a catoblepas
  9149 | Lair:2   | 9149 ||| Stepping ~*~*~tactically~*~*~ (cloud).
  9151 | Lair:2   | 9151 ||| INVOKING Finesse.
  9152 | Lair:2   | 9152 ||| Stepping ~*~*~tactically~*~*~ (cloud).
  9153 | Lair:2   | 9153 ||| Stepping ~*~*~tactically~*~*~ (cloud).
  9153 | Lair:2   | Found a staircase to the Snake Pit.
  9159 | Lair:2   | Killed a catoblepas
  9230 | Lair:2   | Reached skill level 9 in Invocations
  9279 | Lair:2   | Noticed a boulder beetle
  9280 | Lair:2   | 9280 ||| INVOKING Finesse.
  9286 | Lair:2   | HP: 6/65 [boulder beetle (15)]
  9287 | Lair:2   | 9287 ||| READING 2 scrolls of teleportation.
  9288 | Lair:2   | 9288 ||| DRINKING 6 potions of heal wounds.
  9291 | Lair:2   | HP: 1/65 [boulder beetle (19)]
  9292 | Lair:2   | 9292 ||| DRINKING 5 potions of heal wounds.
  9342 | Lair:2   | 9342 ||| INVOKING Finesse.
  9343 | Lair:2   | 9343 ||| INVOKING Heroism.
  9398 | Lair:2   | 9398 ||| RETREEEEATING.
  9399 | Lair:2   | 9399 ||| RETREEEEATING.
  9400 | Lair:2   | 9400 ||| RETREEEEATING.
  9456 | Lair:2   | Found a staircase to the Swamp.
  9456 | Lair:2   | Noticed a ghost crab
  9456 | Lair:2   | Noticed a ghost crab
  9457 | Lair:2   | 9457 ||| INVOKING Finesse.
  9465 | Lair:2   | 9465 ||| INVOKING Heroism.
  9474 | Lair:2   | Killed a ghost crab
  9477 | Lair:2   | HP: 15/67 [something (5)]
  9478 | Lair:2   | 9478 ||| READING scroll of teleportation.
  9479 | Lair:2   | 9479 ||| DRINKING 4 potions of heal wounds.
  9491 | Lair:2   | HP: 14/66 [ghost crab] (4)]
  9491 | Lair:2   | HP: 5/65 [spectral seven-headed hydra[a ghost crab] (3)]
  9491 | Lair:2   | Slain by a spectral seven-headed hydra

Levels and vault maps discovered:
D:1:      dpeg_arrival_ternary, layout_basic
D:2:      layout_loops_corners, ebering_ecumenical_altar_box,
          minmay_indecisive_spiral
D:3:      cheibrodos_thug_alley, layout_loops_corners, gup_sewer_entry_glass,
          serial_shops, nicolae_shop_tiny_real_fake_doors, uniq_terence,
          uniq_crazy_yiuf_cottage
D:4:      layout_gridville
D:5:      dreamdust_elfheim, layout_basic, elyvilon_altar_1,
          mainiacjoe_overflow_swirl, temple_doors_e, serial_shops, shop,
          nicolae_stop_n_shop_1, nicolae_shop_overcharged_wands, uniq_menkaure
D:6:      layout_basic, uniq_pikel, uniq_blork_the_orc, uniq_prince_ribbit1
D:7:      layout_basic, ebering_ghost_gozag
D:8:      layout_cave_pods, david_lair_shrubbed, minmay_shop_grid_forest,
          uniq_jeremiah, uniq_psyche
Temple:   hellmonk_temple_divided_pantheon
Lair:1:   layout_cave_shapes, uniq_fannar
Lair:2:   layout_regular_city, nicolae_swamp_entry_spooky,
          guppyfry_snake_entry_garden, grunt_megastairs_1

Skill      XL: |  1  2  3  4  5  6  7  8  9 10 11 |
---------------+----------------------------------+-----
Ranged Weapons | 6 7 8 9 10 12 14 16 | 16.2
Fighting       | 2 3 4 5 7 |  7.0
Dodging        | 3 4 5 7 8 |  8.1
Armour         | 1 2 3 |  3.0
Invocations    | 1 4 7 9 |  9.8
Stealth        | |  1.2

Action                     |  1- 3 |  4- 6 |  7- 9 | 10-12 || total
---------------------------+-------+-------+-------+-------++-------
  Melee: Unarmed           |       |       |       |     1 ||     1
   Fire: Shortbow          |   112 |   181 |   315 |       ||   608
         Orcbow            |       |       |    82 |   315 ||   397
 Invoke: Heroism           |       |       |     2 |     2 ||     4
         Finesse           |       |       |       |     8 ||     8
    Use: Scroll            |     5 |     5 |     8 |     9 ||    27
         Potion            |     1 |     3 |     3 |     4 ||    11
 Armour: Leather armour    |    24 |    26 |     4 |       ||    54
         Ring mail         |       |    18 |    38 |       ||    56
         Scale mail        |       |       |    95 |   173 ||   268
  Dodge: Dodged            |    26 |    69 |   166 |   226 ||   487

Table legend:
 A = Non-vault XP
 B = Vault XP
 C = Vault XP percentage of total XP
 D = Non-vault monster count
 E = Vault monster count
 F = Vault count percentage of total count
                 A         B        C        D         E       F
            +---------+---------+-------+---------+---------+-------
      Total |   10974 |    6377 |  36.8 |     162 |      41 |  20.2
            +---------+---------+-------+---------+---------+-------
        D:1 |      21 |       0 |   0.0 |      13 |       0 |   0.0
        D:2 |      28 |       8 |  22.2 |      15 |       4 |  21.1
        D:3 |      78 |     174 |  69.0 |      15 |      15 |  50.0
        D:4 |     413 |       0 |   0.0 |      15 |       0 |   0.0
        D:5 |     620 |     176 |  22.1 |      19 |       3 |  13.6
        D:6 |     935 |     994 |  51.5 |      15 |       3 |  16.7
        D:7 |    1560 |       0 |   0.0 |      25 |       0 |   0.0
        D:8 |    1730 |    1249 |  41.9 |      19 |       4 |  17.4
     Lair:1 |    3009 |     883 |  22.7 |      15 |       1 |   6.2
     Lair:2 |    2580 |    2893 |  52.9 |      11 |      11 |  50.0
            +---------+---------+-------+---------+---------+-------
